 BcadrenCrawl: Boulder Brew version 0.04.21-209-g19e16bb646 (webtiles) character file.

Game seed: 7031064837344563302, levelgen mode: deterministic

21 st0uf the Unbeliever (level 2, 0/24 HPs) Immature Draconian Demonspawn. Began on May 25, 2021. Succumbed to an adder's poison ... on level 2 of the Dungeon. The game lasted 00:02:53 (857 turns).

st0uf the Unbeliever (Immature Draconian Demonspawn) Turns: 857, Time: 00:02:54

Health: 0/24       AC:  8    Str: 21    XL:     2 ^: 11
Magic:  4/4        EV:  0    Int: 12    God:
Gold:   38         SH:  0    Dex: 10    Spells: 3/4 levels left

rFire    . . .     Vision   .     - Unarmed
rCold    . . .     Gourm    .     - Unarmed
rNeg     . . .     Faith    .   a - +0 leather armour
rPois    .         Spirit   .   (helmet restricted)
rElec    .         Reflect  .   (no cloak)
rCorr    .         Harm     .   (no gloves)
MR       .....                  (boots unavailable)
Stlth    ..........             (no amulet)
HPRegen  0.18/turn              (no ring)
MPRegen  0.14/turn              (no ring)

@: mighty, lethally poisoned (0 -> -2)
A: talons, cold-blooded, AC +5
a: Breathe Dart


You were on level 2 of the Dungeon.
You were hungry.

You visited 1 branch of the dungeon, and saw 2 of its levels.

You collected 38 gold pieces.

Inventory:

Armour
 a - a +0 leather armour (worn)
Jewellery
 b - a cursed ring of strength {(Curse: Slay-4)}
 d - an uncursed ring of protection
Scrolls
 e - a scroll of amnesia
 g - a scroll of teleportation
Comestibles
 c - 5 rations


   Skills:
 * Level 1.7 Fighting
 + Level 2.6 Dodging
 + Level 1.5 Stealth
 + Level 2.0 Unarmed Combat
 * Level 1.7 Spellcasting
 - Level 1.5 Fire Magic
   Level 3.0 Invocations


You had 3 spell levels left.
You knew the following spells:

 Your Spells              Type           Power        Failure   Level  Hunger
a - Flame Tongue          Fire           4 (30)       100%        1    ##.....

Your spell library contained the following spells:

 Spells                   Type           Power        Failure   Level  Hunger
 Blink                    Tloc           N/A          100%        2    ###....
 Call Imp                 Summ           1 (100)      100%        2    ###....
 Slow                     Hex            1 (100)      100%        2    ###....
 Conjure Flame            Fire           4 (100)      100%        3    ####...
 Mephitic Cloud           Pois/Air       1 (100)      100%        3    ####...


Dungeon Overview and Level Annotations

Branches:
Dungeon (2/8)

Altars:


Innate Abilities, Weirdness & Mutations

Your plain brown scales are resilient. (AC +5)
You can breathe rudimentary magical darts.
You have razor-sharp talons for feet.
You are cold-blooded and are slowed more easily by cold attacks.


Message History

You miss the adder. You closely miss the adder.
The adder bites you but does no damage.
You miss the adder. x2; The adder bites you but does no damage.
You miss the adder. x2
You are feeling hungry.
You miss the adder. You completely miss the adder. The adder bites you (2).
* * * LOW HITPOINT WARNING * * *
You miss the adder. x2; The adder bites you (1).
* * * LOW HITPOINT WARNING * * *
You completely miss the adder. You miss the adder. You closely miss the adder.
You miss the adder. The adder bites you but does no damage.
You miss the adder. x2; The adder bites you but does no damage.
You miss the adder. You completely miss the adder.
You miss the adder. x2; The adder bites you (1).
* * * LOW HITPOINT WARNING * * *
You are lethally poisoned!
The adder poisons you (4).
You barely miss the adder. You miss the adder.
You die...

####### ########## #####
####### ##..≈#≈..P#######
....... #≈≈..#.....#≈....
≈≈≈≈≈≈.###.....#..#..≈≈≈≈
≈≈≈≈≈≈.#..≈#≈.≈#≈≈..≈≈≈≈≈
≈≈≈≈≈≈.#b..#####.<.#≈≈≈≈≈
≈≈b≈≈≈.#@≈## #.....#≈≈≈≈≈
≈≈≈≈≈≈lS.≈##≈.≈≈≈.P.≈≈≈≈≈
P≈≈≈≈≈l#≈.#≈..######≈≈≈≈≈
P≈b≈≈≈≈####..# ≈≈≈≈≈
§≈≈≈≈b§ #≈ P≈≈≈≈ ≈≈≈≈≈≈≈
# P≈≈≈≈ P≈≈≈≈≈§ ≈≈≈


P≈≈b≈bl P≈≈§§≈. You could see 2 submerged cinder newts and a submerged adder.

Vanquished Creatures
  2 leopard geckos (D:1)
  5 bats (D:1)
  3 goblins (D:1)
  A hobgoblin (D:1)
  2 kobolds (D:1)
  2 rats (D:1)
15 creatures vanquished.

Vanquished Creatures (others)
  A jelly (D:2)
  2 kobolds (D:2)
  5 withered plants (D:2)
8 creatures vanquished.

Grand Total: 23 creatures vanquished

Notes
Turn   | Place    | Note
-------+----------+-------------------------------------------
     0 | D:1      | st0uf the Immature Draconian Demonspawn began the quest for
                  | the Orb.
     0 | D:1      | Reached XP level 1. HP: 16/16 MP: 3/3
   261 | D:1      | Gained mutation: You have razor-sharp talons for feet.
                  | [demonic ancestry]
   261 | D:1      | Reached XP level 2. HP: 20/23 MP: 4/4
   856 | D:2      | HP: 1/24 [adder (1)]
   857 | D:2      | Succumbed to an adder's poison

Levels and vault maps discovered:
D:1:      minmay_arrival_stone_box, layout_basic
D:2:      layout_sewer, disused_pipe

Skill      XL: |  1  2 |
---------------+-------+-----
Unarmed Combat | 2 |  2.0
Fighting       | |  1.7
Dodging        | |  2.6
Stealth        | |  1.5
Spellcasting   | |  1.7
Fire Magic     | |  1.5
Invocations    | |  3.0

Action                   || total
-------------------------++-------
Melee: Unarmed           ||   391
       Tailslap          ||     1
  Use: Potion            ||     1
Armor: Leather armour    ||   153
